[ AOE2 MATCH · #506741464 ]
UnrankedJapanese vs Aztecs
Player's team · WIN
Rival team · LOSS
[ REPLAY ANALYSIS · EXTRACTED FROM THE RECORDED GAME ]
Feudal
9:17
Castle
22:46
Imperial
40:14
| APM avg | 66.3 |
| APM peak | 100 |
| eAPM avg | 30.6 |
| Villagers / military | 137 / 159 |
Focus
⚔️ 41.9% · 🌾 58.1%
Archer ×85 · Knight ×45 · Trebuchet (Packed) ×11 · Samurai ×6 · Mangonel ×6 · Militia ×4
Feudal
11:32
Castle
23:24
Imperial
42:30
| APM avg | 68.9 |
| APM peak | 179 |
| eAPM avg | 25.0 |
| Villagers / military | 123 / 138 |
Focus
⚔️ 29.9% · 🌾 70.1%
Spearman ×41 · Eagle Scout ×39 · Skirmisher ×21 · Archer ×19 · Militia ×13 · Monk ×2
Match map
Initial resources + every placement click. Lines = walls · curves = elevation contours. ◆ gold · ⬟ stone · ● berries · ✦ relic · ◌ wall gap
Your base· ✓ Closed at 22:46 · 41t walls · no gate
Fs.ShaDoWn's base· ✓ Closed at 23:24 · 55t walls · 3 gate(s)
Smoothed initial terrain · ◌ = detected wall gap · hover for details
Inputs per minute
— PandaThicc - - Fs.ShaDoWn
Build order — PandaThicc
First 150 of 476 actions detected
| 0:00 | Create | Villager (Male) |
| 0:01 | Create | Villager (Male) |
| 0:02 | Build | House |
| 0:03 | Build | House |
| 0:08 | Create | Villager (Male) |
| 0:09 | Create | Villager (Male) |
| 1:32 | Create | Villager (Male) |
| 1:32 | Create | Villager (Male) |
| 1:52 | Create | Villager (Male) |
| 2:18 | Build | Lumber Camp |
| 2:32 | Create | Villager (Male) |
| 2:32 | Create | Villager (Male) |
| 2:33 | Create | Villager (Male) |
| 3:00 | Create | Villager (Male) |
| 3:18 | Create | Villager (Male) |
| 3:46 | Build | House |
| 3:53 | Create | Villager (Male) |
| 3:58 | Create | Villager (Male) |
| 4:10 | Build | Mill |
| 4:35 | Create | Villager (Male) |
| 4:53 | Create | Villager (Male) |
| 5:04 | Build | Barracks |
| 5:27 | Create | Villager (Male) |
| 5:56 | Build | House |
| 6:01 | Create | Villager (Male) |
| 6:32 | Research | Loom |
| 6:38 | Build | Mining Camp |
| 7:06 | Research | Feudal Age |
| 7:07 | Research | Feudal Age |
| 7:39 | Create | Militia |
| 7:40 | Create | Militia |
| 7:40 | Create | Militia |
| 8:35 | Create | Militia |
| 8:59 | Create | Villager (Male) |
| 9:17 | Age | Feudal Age |
| 9:24 | Build | Archery Range |
| 9:37 | Research | Double-Bit Axe |
| 9:37 | Research | Double-Bit Axe |
| 9:42 | Build | House |
| 9:44 | Create | Villager (Male) |
| 10:10 | Create | Villager (Male) |
| 10:35 | Build | Palisade Wall |
| 10:40 | Create | Villager (Male) |
| 10:43 | Build | Farm |
| 10:44 | Build | Farm |
| 10:50 | Create | Archer |
| 10:50 | Create | Archer |
| 11:17 | Build | Farm |
| 11:18 | Build | Farm |
| 11:18 | Build | Farm |
| 11:40 | Create | Archer |
| 11:41 | Create | Archer |
| 11:44 | Build | House |
| 11:45 | Build | House |
| 11:50 | Create | Villager (Male) |
| 11:50 | Create | Villager (Male) |
| 12:19 | Create | Villager (Male) |
| 12:20 | Create | Villager (Male) |
| 12:26 | Build | Blacksmith |
| 12:28 | Create | Villager (Male) |
| 12:54 | Create | Archer |
| 13:02 | Create | Villager (Male) |
| 13:04 | Build | Farm |
| 13:14 | Create | Villager (Male) |
| 13:15 | Build | Farm |
| 13:15 | Build | Farm |
| 13:16 | Build | Farm |
| 13:26 | Build | Farm |
| 13:35 | Build | House |
| 13:36 | Build | Palisade Wall |
| 13:37 | Build | Palisade Wall |
| 13:39 | Build | Palisade Wall |
| 13:40 | Build | Palisade Wall |
| 13:41 | Create | Villager (Male) |
| 13:44 | Build | Palisade Wall |
| 13:45 | Build | Palisade Wall |
| 13:52 | Create | Villager (Male) |
| 14:00 | Research | Fletching |
| 14:00 | Research | Fletching |
| 14:02 | Create | Villager (Male) |
| 14:02 | Create | Villager (Male) |
| 14:05 | Create | Archer |
| 14:05 | Create | Archer |
| 14:06 | Create | Archer |
| 14:22 | Create | Villager (Male) |
| 14:23 | Create | Archer |
| 14:31 | Build | Lumber Camp |
| 14:53 | Research | Padded Archer Armor |
| 14:57 | Build | Farm |
| 14:58 | Create | Villager (Male) |
| 15:01 | Build | Watch Tower |
| 15:07 | Create | Archer |
| 15:15 | Build | Palisade Wall |
| 15:17 | Build | Palisade Wall |
| 15:25 | Create | Villager (Male) |
| 15:26 | Create | Villager (Male) |
| 15:40 | Create | Villager (Male) |
| 16:11 | Create | Archer |
| 16:12 | Create | Villager (Male) |
| 16:15 | Build | Farm |
| 16:18 | Build | Farm |
| 16:19 | Build | Farm |
| 16:21 | Build | Farm |
| 16:42 | Create | Villager (Male) |
| 16:46 | Create | Villager (Male) |
| 16:48 | Create | Villager (Male) |
| 16:50 | Build | Farm |
| 16:51 | Build | Farm |
| 17:21 | Create | Archer |
| 17:21 | Create | Villager (Male) |
| 17:34 | Build | Palisade Wall |
| 17:36 | Build | Palisade Wall |
| 17:40 | Build | House |
| 17:58 | Build | House |
| 18:00 | Create | Villager (Male) |
| 18:03 | Build | Market |
| 18:11 | Create | Archer |
| 18:31 | Create | Archer |
| 18:46 | Create | Villager (Male) |
| 18:59 | Build | Archery Range |
| 19:01 | Build | House |
| 19:02 | Build | House |
| 19:02 | Build | House |
| 19:12 | Build | House |
| 19:16 | Build | Palisade Wall |
| 19:17 | Create | Villager (Male) |
| 19:20 | Build | House |
| 19:21 | Build | Palisade Wall |
| 19:56 | Create | Archer |
| 20:01 | Create | Archer |
| 20:06 | Research | Castle Age |
| 20:06 | Research | Castle Age |
| 20:20 | Build | Farm |
| 20:25 | Build | Lumber Camp |
| 20:30 | Create | Archer |
| 20:30 | Create | Archer |
| 20:46 | Build | House |
| 20:47 | Build | Palisade Wall |
| 20:48 | Create | Archer |
| 21:03 | Research | Wheelbarrow |
| 21:03 | Research | Wheelbarrow |
| 21:07 | Build | Palisade Wall |
| 21:11 | Create | Archer |
| 21:24 | Research | Gold Mining |
| 21:25 | Research | Gold Mining |
| 21:32 | Create | Archer |
| 21:33 | Create | Villager (Male) |
| 21:40 | Create | Archer |
| 21:51 | Research | Horse Collar |
| 21:52 | Research | Horse Collar |
Build order — Fs.ShaDoWn
First 150 of 374 actions detected
| 0:00 | Create | Villager (Male) |
| 0:00 | Create | Villager (Male) |
| 0:01 | Create | Villager (Male) |
| 0:02 | Build | House |
| 0:03 | Build | House |
| 0:10 | Create | Villager (Male) |
| 1:23 | Create | Villager (Male) |
| 1:50 | Build | Lumber Camp |
| 2:02 | Create | Villager (Male) |
| 2:06 | Create | Villager (Male) |
| 2:06 | Create | Villager (Male) |
| 2:51 | Create | Villager (Male) |
| 2:51 | Create | Villager (Male) |
| 3:01 | Create | Villager (Male) |
| 3:33 | Create | Villager (Male) |
| 3:51 | Build | House |
| 3:52 | Build | House |
| 4:02 | Create | Villager (Male) |
| 4:02 | Create | Villager (Male) |
| 4:26 | Create | Villager (Male) |
| 4:45 | Create | Villager (Male) |
| 4:49 | Create | Villager (Male) |
| 4:59 | Build | Barracks |
| 5:23 | Create | Villager (Male) |
| 5:57 | Create | Villager (Male) |
| 5:57 | Create | Villager (Male) |
| 6:08 | Create | Militia |
| 6:09 | Create | Militia |
| 6:33 | Build | House |
| 6:35 | Build | Palisade Wall |
| 6:38 | Build | Palisade Wall |
| 6:39 | Build | Palisade Wall |
| 6:43 | Create | Villager (Male) |
| 6:48 | Build | House |
| 6:50 | Build | Palisade Wall |
| 6:52 | Create | Militia |
| 7:25 | Create | Villager (Male) |
| 7:46 | Create | Villager (Male) |
| 8:32 | Create | Villager (Male) |
| 8:34 | Research | Loom |
| 8:38 | Build | Mining Camp |
| 9:04 | Research | Feudal Age |
| 9:26 | Build | Mill |
| 9:32 | Build | Lumber Camp |
| 9:46 | Build | House |
| 9:47 | Build | Palisade Wall |
| 9:48 | Build | Palisade Wall |
| 9:50 | Build | Palisade Wall |
| 10:08 | Create | Villager (Male) |
| 11:32 | Age | Feudal Age |
| 11:43 | Build | Mill |
| 11:48 | Build | Archery Range |
| 12:00 | Build | Palisade Wall |
| 12:02 | Build | Palisade Wall |
| 12:05 | Build | Palisade Gate |
| 12:06 | Create | Villager (Male) |
| 12:08 | Build | Farm |
| 12:19 | Build | Farm |
| 12:20 | Build | Farm |
| 12:41 | Build | Palisade Gate |
| 12:47 | Build | Palisade Gate |
| 12:50 | Create | Archer |
| 12:50 | Create | Archer |
| 12:51 | Create | Archer |
| 12:51 | Create | Archer |
| 12:51 | Create | Archer |
| 12:51 | Create | Archer |
| 13:10 | Create | Villager (Male) |
| 13:12 | Create | Archer |
| 13:13 | Create | Archer |
| 13:37 | Create | Villager (Male) |
| 13:40 | Build | Farm |
| 13:51 | Build | Blacksmith |
| 13:51 | Create | Villager (Male) |
| 14:00 | Build | Farm |
| 14:02 | Create | Archer |
| 14:18 | Build | Farm |
| 14:22 | Build | Farm |
| 14:47 | Create | Archer |
| 14:49 | Create | Villager (Male) |
| 14:49 | Create | Villager (Male) |
| 14:52 | Build | Farm |
| 14:54 | Build | Farm |
| 14:55 | Build | Farm |
| 15:11 | Build | Watch Tower |
| 15:21 | Build | Farm |
| 15:22 | Build | Farm |
| 15:32 | Research | Fletching |
| 15:32 | Research | Fletching |
| 15:33 | Create | Archer |
| 15:33 | Create | Archer |
| 16:09 | Create | Villager (Male) |
| 16:25 | Create | Villager (Male) |
| 16:25 | Create | Villager (Male) |
| 16:56 | Create | Villager (Male) |
| 16:56 | Create | Villager (Male) |
| 17:16 | Create | Villager (Male) |
| 17:19 | Build | Mining Camp |
| 18:01 | Create | Villager (Male) |
| 18:04 | Build | Farm |
| 18:33 | Build | Palisade Wall |
| 18:34 | Build | Palisade Wall |
| 18:38 | Create | Villager (Male) |
| 18:38 | Create | Villager (Male) |
| 18:40 | Build | Farm |
| 18:47 | Build | Market |
| 18:57 | Build | Farm |
| 18:59 | Create | Villager (Male) |
| 19:34 | Create | Villager (Male) |
| 19:38 | Build | House |
| 19:40 | Build | House |
| 19:46 | Build | House |
| 19:55 | Build | House |
| 20:27 | Build | House |
| 20:33 | Research | Castle Age |
| 20:33 | Research | Castle Age |
| 20:51 | Create | Archer |
| 20:52 | Create | Archer |
| 21:28 | Create | Skirmisher |
| 21:29 | Create | Skirmisher |
| 21:47 | Build | Archery Range |
| 21:54 | Build | Palisade Wall |
| 21:57 | Create | Skirmisher |
| 22:00 | Research | Padded Archer Armor |
| 22:00 | Research | Padded Archer Armor |
| 22:18 | Create | Skirmisher |
| 22:18 | Create | Skirmisher |
| 22:40 | Create | Skirmisher |
| 22:55 | Create | Villager (Male) |
| 23:00 | Build | House |
| 23:23 | Create | Skirmisher |
| 23:24 | Age | Castle Age |
| 23:25 | Research | Elite Skirmisher (upgrade) |
| 23:26 | Research | Bodkin Arrow |
| 23:26 | Research | Bodkin Arrow |
| 23:54 | Create | Villager (Male) |
| 23:56 | Create | Villager (Male) |
| 24:01 | Build | Town Center |
| 24:34 | Create | Archer |
| 24:35 | Create | Archer |
| 24:41 | Build | Palisade Wall |
| 24:45 | Create | Villager (Male) |
| 24:45 | Create | Villager (Male) |
| 24:48 | Build | Farm |
| 24:48 | Build | Farm |
| 24:48 | Build | Farm |
| 24:49 | Build | Farm |
| 25:16 | Create | Skirmisher |
| 25:17 | Create | Skirmisher |
| 25:17 | Create | Skirmisher |
Match timeline
| 4:59 | Fs.ShaDoWn · first_building Barracks |
| 5:04 | PandaThicc · first_building Barracks |
| 6:35 | Fs.ShaDoWn · wall_segment Palisade Wall x7 |
| 6:38 | Fs.ShaDoWn · wall_segment Palisade Wall x3 |
| 6:39 | Fs.ShaDoWn · wall_segment Palisade Wall x6 |
| 6:50 | Fs.ShaDoWn · wall_segment Palisade Wall x8 |
| 9:17 | PandaThicc · age_up feudal |
| 9:24 | PandaThicc · first_building Archery Range |
| 9:47 | Fs.ShaDoWn · wall_segment Palisade Wall x1 |
| 9:48 | Fs.ShaDoWn · wall_segment Palisade Wall x1 |
| 9:50 | Fs.ShaDoWn · wall_segment Palisade Wall x12 |
| 10:35 | PandaThicc · wall_segment Palisade Wall x1 |
| 11:32 | Fs.ShaDoWn · age_up feudal |
| 11:48 | Fs.ShaDoWn · first_building Archery Range |
| 12:00 | Fs.ShaDoWn · wall_segment Palisade Wall x3 |
| 12:02 | Fs.ShaDoWn · wall_segment Palisade Wall x14 |
| 13:36 | PandaThicc · wall_segment Palisade Wall x1 |
| 13:37 | PandaThicc · wall_segment Palisade Wall x1 |
| 13:39 | PandaThicc · wall_segment Palisade Wall x2 |
| 13:40 | PandaThicc · wall_segment Palisade Wall x4 |
| 13:44 | PandaThicc · wall_segment Palisade Wall x1 |
| 13:45 | PandaThicc · wall_segment Palisade Wall x1 |
| 15:15 | PandaThicc · wall_segment Palisade Wall x2 |
| 15:17 | PandaThicc · wall_segment Palisade Wall x2 |
| 17:34 | PandaThicc · wall_segment Palisade Wall x1 |
| 17:36 | PandaThicc · wall_segment Palisade Wall x1 |
| 18:33 | Fs.ShaDoWn · wall_segment Palisade Wall x1 |
| 18:34 | Fs.ShaDoWn · wall_segment Palisade Wall x1 |
| 19:16 | PandaThicc · wall_segment Palisade Wall x11 |
| 19:21 | PandaThicc · wall_segment Palisade Wall x12 |
| 19:32 | PandaThicc · first_market_sell 100 wood |
| 20:19 | Fs.ShaDoWn · first_market_buy 100 food |
| 20:22 | Fs.ShaDoWn · first_market_sell 100 wood |
| 20:47 | PandaThicc · wall_segment Palisade Wall x1 |
| 21:07 | PandaThicc · wall_segment Palisade Wall x1 |
| 21:54 | Fs.ShaDoWn · wall_segment Palisade Wall x1 |
| 22:46 | PandaThicc · age_up castle |
| 23:24 | Fs.ShaDoWn · age_up castle |
| 24:07 | PandaThicc · first_building Siege Workshop |
| 24:41 | Fs.ShaDoWn · wall_segment Palisade Wall x1 |
| 24:51 | PandaThicc · first_market_buy 100 stone |
| 25:01 | PandaThicc · first_building Stable |
| 27:12 | Fs.ShaDoWn · first_building Siege Workshop |
| 33:37 | PandaThicc · first_building Monastery |
| 36:57 | Fs.ShaDoWn · first_building Castle |
| 39:53 | Fs.ShaDoWn · first_building Monastery |
| 40:06 | PandaThicc · first_building Castle |
| 40:14 | PandaThicc · age_up imperial |
| 42:30 | Fs.ShaDoWn · age_up imperial |
| 48:06 | Fs.ShaDoWn · resign |
[ AI ANALYSIS · 1 CREDIT ]
What really happened in this match?
Wolo.gg analyzes every decision: build order, eco, micro, common mistakes by bracket. Personalized analysis on WhatsApp or Discord in 30 seconds.
Civ guide
Japanese
Perfil
Jugador #622624